Selects Indian Artillery Battlegroup
Construct Section Command Post
Construct Platoon Command Post
Selects Artillery Saturation
Selects Artillery Saturation
6-pounder Anti-tank Gun Team
Construct Field Infirmary
Selects Gurkha Rifles Section
Unlock Bishop Self-propelled Artillery
Bishop Self-propelled Artillery
Selects Off-map Airburst Barrage
Selects Volunteer Infantry
Construct Company Command Post
Selects Perimeter Monitor
Unlock Towed 17-pounder Anti-tank Guns
Bishop Self-propelled Artillery
17-pounder Anti-tank Gun Team
Bishop Self-propelled Artillery